 Dungeon Crawl Stone Soup version 0.30-a0-596-g0af90f9a20 (webtiles) character file.

Game seed: 12687217301286775976

3579 ders the Fighter (level 9, -10/86 HPs)
             Began as a Minotaur Fighter on Jan 6, 2023.
             Was a Follower of Okawaru.
             Killed from afar by a steam dragon (22 damage)
             ... with a ball of steam
             ... on level 7 of the Dungeon.
             The game lasted 00:08:50 (5102 turns).

ders the Fighter (Minotaur Fighter)                 Turns: 5102, Time: 00:08:50

Health: -10/86     AC:  8    Str: 29    XL:     9   Next: 84%
Magic:  8/8        EV: 10    Int:  5    God:    Okawaru [*.....]
Gold:   150        SH:  0    Dex: 10    Spells: 8/8 levels left

rFire   . . .      SeeInvis +    a - +0 war axe
rCold   . . .      Faith    .    c - +1 buckler
rNeg    . . .      Spirit   .    m - +1 leather armour "Xiffi" {Regen+ Str+4 SInv}
rPois   +          Reflect  .    (helmet restricted)
rElec   .          Harm     .    g - +0 cloak
rCorr   .          Rampage  .    (no gloves)
Will    .....                    k - +2 pair of boots Stlth
                                 (no amulet)
HPRegen 1.14/turn                u - ring of see invisible
MPRegen 0.11/turn                y - ring of poison resistance

@: confused, ambrosia-drunk
A: horns 2, retaliatory headbutt, deformed body, wild magic 1
a: Renounce Religion, Heroism


You were on level 7 of the Dungeon.
You worshipped Okawaru.
Okawaru was aware of your devotion.
You visited 2 branches of the dungeon, and saw 8 of its levels.
You also visited: Sewer.

You collected 480 gold pieces.
You spent 330 gold pieces at shops.

Inventory:

Hand Weapons
 a - a +0 war axe (weapon)
Armour
 b - a +0 scale mail
 c - a +1 buckler (worn)
 g - a +0 cloak (worn)
 k - a +2 pair of boots (worn)
 m - the +1 leather armour "Xiffi" (worn) {Regen+ Str+4 SInv}
   (You found it on level 2 of the Dungeon)

   Str:       It affects your strength (+4).
   SInv:      It lets you see invisible.
   Regen:     It increases your rate of health regeneration.
 x - a +0 ring mail of fire resistance
Jewellery
 u - a ring of see invisible (left hand)
 y - a ring of poison resistance (right hand)
 A - an amulet of reflection
Wands
 s - a wand of digging (4)
Scrolls
 h - 5 scrolls of identify
 i - a scroll of amnesia
 l - a scroll of acquirement {unknown}
 n - a scroll of fog
 r - a scroll of teleportation
 t - 2 scrolls of enchant weapon
 w - a scroll of immolation {unknown}
 z - a scroll of fear
Potions
 d - a potion of cancellation {unknown}
 e - 3 potions of brilliance
 f - 2 potions of ambrosia
 o - a potion of magic
 p - 3 potions of mutation


   Skills:
 * Level 10.5 Fighting
 * Level 10.1 Axes
 + Level 7.9 Armour
 + Level 7.7 Shields


You had 8 spell levels left.
You didn't know any spells.
Your spell library contained the following spells:

 Spells                   Type           Power      Damage    Failure   Level
 Kiss of Death            Conj/Necr      0%         2d5       67%         1
 Sandblast                Erth           0%         2d4       67%         1
 Passwall                 Tmut/Erth      0%         N/A       80%         2
 Confusing Touch          Hex            0%         N/A       95%         3
 Ignite Poison            Fire/Tmut/Pois 0%         N/A       95%         3
 Kindle Blastsparks       Fire/Tloc/Air  0%         2d10      95%         3
 Portal Projectile        Hex/Tloc       0%         N/A       95%         3
 Stone Arrow              Conj/Erth      0%         3d7       95%         3
 Airstrike                Air            0%         2d(0-16)  100%        4
 Dispel Undead            Necr           0%         3d6       100%        4
 Leda's Liquefaction      Hex/Erth       0%         N/A       100%        4
 Sticky Flame             Conj/Fire      0%         2d3       100%        4
 Freezing Cloud           Conj/Ice/Air   0%         6-21      100%        5
 Lightning Bolt           Conj/Air       0%         1d11      100%        5
 Ignition                 Fire           0%         3d3       100%        8
 Call Canine Familiar     Summ           Unusable   N/A       N/A         3
 Summon Lightning Spire   Summ/Air       Unusable   N/A       N/A         4

Dungeon Overview and Level Annotations

Branches:
Dungeon (7/15)             Temple (1/1) D:6           Sewer (visited)

Altars:
Ashenzari
Cheibriados
Dithmenos
Elyvilon
Fedhas
Gozag
Kikubaaqudgha
Makhleb
Nemelex Xobeh
Okawaru
Qazlal
Trog
Uskayaw
Yredelemnul
Zin
The Shining One

Shops:
D:6 :[=(!


Innate Abilities, Weirdness & Mutations

You have a pair of horns on your head.
You reflexively headbutt those who attack you in melee.
Armour fits poorly on your strangely shaped body.
Your spells are a little harder to cast, but a little more powerful.


Message History

You block the steam dragon's attack. The steam dragon barely misses you.
You closely miss the steam dragon.
The steam dragon is heavily wounded.
You are engulfed in a cloud of scalding steam.
The steam dragon breathes steam at you. The ball of steam hits you!
You closely miss the steam dragon. Your headbutt misses the steam dragon.
The steam dragon is heavily wounded.
You are engulfed in a cloud of scalding steam.
The steam dragon bites you but does no damage.
The steam dragon claws you but does no damage.
You barely miss the steam dragon.
The steam dragon is heavily wounded.
The steam dragon breathes steam at you. The ball of steam hits you!
* * * LOW HITPOINT WARNING * * *
You barely miss the steam dragon.
The steam dragon is heavily wounded.
You are engulfed in a cloud of scalding steam.
* * * LOW HITPOINT WARNING * * *
The steam dragon bites you but does no damage.
You block the steam dragon's attack.
You hit the steam dragon but do no damage.
You headbutt the steam dragon, but do no damage.
The steam dragon is heavily wounded.
You are engulfed in a cloud of scalding steam.
* * * LOW HITPOINT WARNING * * *
The steam dragon bites you but does no damage.
The steam dragon claws you.
* * * LOW HITPOINT WARNING * * *
Okay, then.
Okay, then.
Blink to where?
Press: ? - help, Dir - move target
As you read the scroll of blinking, it crumbles to dust.
You are confused.
You feel invigorated. The steam dragon breathes steam at you.
The ball of steam hits you!!
You die...

#..
....#⌠.).<.).⌠#
#.#
###.###.....###
#.# #. #(....# #.#
# ###.### #.# #⌠#
#D# ### #§# .....
#§##### .#####
#.@...# #.#
#####.####.##
##.#......
########....#...#
..............# #
.#######.....###.#
##........
#.....###
###..†..# .


There were no monsters in sight!

Vanquished Creatures
  Sigmund (D:6)
  3 yaks (D:7)
  3 steam dragons (D:6)
  Menkaure (D:7)
  Duvessa (D:6)
  A water moccasin (D:7)
  An ice beast (D:5)
  A sky beast (D:7)
  An ogre (D:4)
  3 centaurs
  3 phantoms
  Blork the orc (D:5)
  3 bullfrogs
  A gnoll sergeant (D:6)
  2 scorpions
  Dowan (D:6)
  A howler monkey (D:5)
  A gnoll bouda (D:4)
  4 hounds
  3 orc priests
  3 iguanas
  6 orc wizards
  Natasha (thrice) (D:4)
  7 gnolls
  13 adders
  2 river rats (Sewer)
  A shadow imp (D:6)
  2 white imps
  3 ufetubi
  A worm (D:4)
  2 dart slugs
  30 orcs
  8 ball pythons
  17 endoplasms
  5 giant cockroaches
  7 hobgoblins
  9 jackals
  4 quokkas
  6 bats
  4 frilled lizards
  13 goblins
  6 kobolds
  29 rats
217 creatures vanquished.

Vanquished Creatures (collateral kills)
  A howler monkey (D:4)
  An orc (D:4)
  A rat (D:4)
3 creatures vanquished.

Grand Total: 220 creatures vanquished

Notes
Turn   | Place    | Note
-------+----------+-------------------------------------------
     0 | D:1      | ders the Minotaur Fighter began the quest for the Orb.
     0 | D:1      | Reached XP level 1. HP: 19/19 MP: 0/0
   268 | D:1      | Reached XP level 2. HP: 27/27 MP: 1/1
   849 | D:2      | Reached XP level 3. HP: 31/33 MP: 2/2
   991 | D:2      | Identified the +1 leather armour "Xiffi" {Regen+ Str+4
                  | SInv}
  1431 | D:3      | Reached XP level 4. HP: 35/41 MP: 3/3
  2011 | D:4      | Reached XP level 5. HP: 28/47 MP: 4/4
  2011 | D:4      | Noticed a phantom
  2025 | D:4      | Reached skill level 5 in Fighting
  2060 | D:4      | Reached XP level 6. HP: 54/56 MP: 5/5
  2073 | D:4      | Found a glowing drain.
  2080 | Sewer    | Entered a sewer
  2179 | Sewer    | Reached skill level 5 in Axes
  2294 | Sewer    | Reached skill level 5 in Armour
  2294 | Sewer    | Reached skill level 5 in Shields
  2355 | D:4      | Reached XP level 7. HP: 63/63 MP: 6/6
  2449 | D:4      | Noticed Natasha
  2455 | D:4      | Killed Natasha
  2460 | D:4      | Noticed Natasha
  2463 | D:4      | Killed Natasha
  2475 | D:4      | Noticed Natasha
  2496 | D:4      | Gained mutation: Your spells are a little harder to cast,
                  | but a little more powerful. [potion of mutation]
  2496 | D:4      | Gained mutation: Armour fits poorly on your strangely
                  | shaped body. [potion of mutation]
  2501 | D:4      | HP: 3/96 [something (4)]
  2506 | D:4      | Killed Natasha
  2892 | D:5      | Entered Level 5 of the Dungeon
  2932 | D:5      | Noticed Blork the orc
  2939 | D:5      | Killed Blork the orc
  3018 | D:5      | Reached XP level 8. HP: 72/73 MP: 7/7
  3343 | D:5      | Identified the +2 robe of Shadows and Fog {+Blink rC+}
  3551 | D:6      | Found Xonaiwasm's Distillery.
  3558 | D:6      | Bought a potion of heal wounds for 70 gold pieces
  3634 | D:6      | Found a snail-covered altar of Cheibriados.
  3634 | D:6      | Found a basalt altar of Yredelemnul.
  3642 | D:6      | Noticed Dowan
  3642 | D:6      | Noticed Duvessa
  3644 | D:6      | Noticed Sigmund
  3710 | D:6      | Killed Duvessa
  3713 | D:6      | Killed Sigmund
  3717 | D:6      | Reached XP level 9. HP: 46/83 MP: 8/8
  3719 | D:6      | Killed Dowan
  3824 | D:6      | Found a staircase to the Ecumenical Temple.
  3859 | Temple   | Entered the Ecumenical Temple
  3980 | Temple   | Became a worshipper of Warmaster Okawaru
  4094 | D:6      | Found Sointeg's Jewellery Shoppe.
  4101 | D:6      | Bought a ring of poison resistance for 260 gold pieces
  4210 | D:6      | Found Faruen's Antique Armour Emporium.
  4415 | D:6      | Found Yraurroj's Antique Weapon Shoppe.
  4441 | D:6      | Found Ipla's Book Shoppe.
  4638 | D:7      | HP: 5/127 [poisoned by a water moccasin]
  4923 | D:7      | Noticed Menkaure
  4928 | D:7      | Killed Menkaure
  4929 | D:7      | Reached skill level 10 in Fighting
  4929 | D:7      | Reached * piety under Okawaru
  4938 | D:7      | Reached skill level 10 in Axes
  5099 | D:7      | HP: 3/86 [steam dragon (3)]
  5102 | D:7      | Killed from afar by a steam dragon

Illustrated notes

Levels and vault maps discovered:
D:1:      dpeg_arrival_three_bigger_balls, layout_basic, dk_noncrumbling_4
D:2:      layout_basic, minmay_misc_feat_room
D:3:      layout_basic, minmay_ruptured
D:4:      layout_rooms, gup_sewer_entry_bubbles, uniq_natasha
D:5:      layout_cave_pools, uniq_blork_the_orc
D:6:      layout_loops_ring, jmf_multi_god_temple, temple_statues, serial_shops,
          kennysheep_mini, nicolae_square_shop, shop, kennysheep_little_box,
          nicolae_shop_statue_plus, minmay_misc_feat_x,
          kennysheep_generic_room_9, uniq_sigmund, uniq_duvessa
D:7:      layout_loops_ring, nicolae_fountain_basement, uniq_menkaure
Temple:   jpeg_temple_clearing

Skill      XL: |  1  2  3  4  5  6  7  8  9 |
---------------+----------------------------+-----
Fighting       | 4 5 6 7 9 10 | 10.5
Axes           | 3 4 5 6 8 10 | 10.1
Armour         | 4 5 6 7 |  7.9
Shields        | 4 5 6 7 |  7.7

Action                   |  1- 3 |  4- 6 |  7- 9 || total
-------------------------+-------+-------+-------++-------
Melee: War axe           |    71 |   129 |   243 ||   443
       Headbutt          |    16 |    10 |    35 ||    61
  Use: Scroll            |       |     8 |     9 ||    17
       Potion            |       |     2 |    15 ||    17
 Stab: Invisible         |       |       |     1 ||     1
Armor: Scale mail        |    19 |       |       ||    19
       Leather armour    |    10 |   111 |   110 ||   231
       Skin              |       |       |    17 ||    17
Dodge: Dodged            |    32 |   108 |   141 ||   281
Block: Buckler           |    17 |    61 |   110 ||   188

Table legend: (Time is in decaauts)
 A = Elapsed time spent in this place.
 B = Non-inter-level travel time spent in this place.
 C = Inter-level travel time spent in this place.
 D = Time resting spent in this place.
 E = Time spent auto-exploring this place.
 F = Levels seen in this place.
 G = Mean time per level.
                   A        B        C        D        E       F      G
               +--------+--------+--------+--------+--------+-----+--------+
         Total |   5279 |   5037 |    242 |    359 |   3385 |   9 |  586.6 |
       Dungeon |   4815 |   4613 |    202 |    325 |   3159 |   7 |  687.9 |
        Temple |    136 |     96 |     40 |      0 |     82 |   1 |  136.0 |
         Sewer |    326 |    326 |      0 |     34 |    144 |   1 |  326.0 |
               +--------+--------+--------+--------+--------+-----+--------+

Top non-repeatable levels by time:
     D:6: 1049 daAuts
     D:1: 854 daAuts
     D:4: 680 daAuts
     D:3: 620 daAuts
     D:5: 601 daAuts
     D:2: 567 daAuts
     D:7: 441 daAuts
   Sewer: 326 daAuts
  Temple: 136 daAuts
